[Event "Titled Tuesday Blitz October 18 Late 2022"]
[White "Naroditsky, Daniel"]
[Black "Hambleton, Aman"]
[WhiteFideId "2026961"]
[BlackFideId "2606577"]
[WhiteElo "2628"]
[BlackElo "2538"]
[Result "0-1"]
[Round "04"]
[TimeControl "180+1"]
[Date "2022.10.18"]
[WhiteClock "0:00:04"]
[BlackClock "0:00:03"]

1. e4 c5 2. Nf3 e6 3. c3 Nf6 4. e5 Nd5 5. d4 cxd4 6. cxd4 d6 7. Bc4 Nc6 8. O-O Be7 9. Qe2 b6 10. Nc3 Nxc3 11. bxc3 dxe5 12. dxe5 Bb7 13. Bd3 Qc7 14. Bf4 h6 15. Bg3 Bc5 16. Rad1 Ne7 17. Nd4 Bxd4 18. cxd4 O-O 19. f3 Bd5 20. Bf2 Rac8 21. Rd2 Bc4 22. h4 Bxd3 23. Qxd3 Qc3 24. Qe2 Nd5 25. g3 Rc4 26. Rfd1 Rfc8 27. Kg2 Qa3 28. Re1 Qa4 29. Ra1 Rc2 30. Qd1 Qc4 31. Rxc2 Qxc2 32. Qxc2 Rxc2 33. a4 a6 34. f4 h5 35. Kf3 g6 36. Rb1 Kf8 37. Be1 Ke8 38. Bb4 Rc4 39. Bd6 Kd7 40. Ra1 Kc6 41. Ke2 Rxd4 42. Rc1+ Kb7 43. Ra1 Rc4 44. Kd3 Rc6 45. Kd4 Rc2 46. Ra3 Rd2+ 47. Ke4 Re2+ 48. Kf3 Rc2 49. Ke4 Rc4+ 50. Kd3 Rc1 51. Kd2 Rf1 52. Ke2 Rg1 53. Kf2 Rc1 54. Rb3 Rc3 55. Rb2 Kc6 56. Ra2 Rc4 57. Ra3 Nc3 58. a5 b5 59. Rb3 Nd5 60. Ra3 b4 61. Ra1 Kb5 62. Ke2 Rc3 63. Kd2 Rxg3 64. Rc1 Rc3 65. Rb1 Rc4 66. Kd3 Rc3+ 67. Kd4 Rc4+ 68. Kd3 Rxf4 69. Rc1 Rf3+ 70. Kd4 Rc3 71. Rf1 Rc4+ 72. Kd3 Nf4+ 73. Ke3 b3 74. Rb1 Nd5+ 75. Kd3 Rc3+ 76. Kd4 Rf3 77. Rc1 b2 78. Rb1 Rb3 79. Bf8 Nc3 80. Rf1 b1=Q 81. Rxf7 Qe4# 0-1


[Site "https://www.chess.com"]

[Event "Titled Tuesday Blitz October 18 Late 2022"]
[White "Ovezdurdyyeva, Jemal"]
[Black "Obrien, Matthew"]
[WhiteFideId "14001888"]
[BlackFideId "2059150"]
[WhiteElo "1961"]
[BlackElo "2535"]
[Result "1-0"]
[Round "04"]
[TimeControl "180+1"]
[Date "2022.10.19"]
[WhiteClock "0:00:07"]
[BlackClock "0:00:01"]

1. e4 c5 2. Nf3 d6 3. d4 cxd4 4. Nxd4 Nf6 5. Nc3 a6 6. Bc4 e6 7. O-O Be7 8. a4 O-O 9. Kh1 Nc6 10. Be3 Bd7 11. f4 Rc8 12. Bd3 Nxd4 13. Bxd4 Bc6 14. e5 dxe5 15. fxe5 Nd5 16. Qg4 Nb4 17. Be4 Bxe4 18. Qxe4 Nxc2 19. Rad1 Nxd4 20. Rxd4 Qb6 21. Rd2 Bb4 22. Rd3 Ba5 23. Qe2 Bxc3 24. bxc3 Qc6 25. Rh3 Qxa4 26. Qh5 h6 27. Rg3 Kh8 28. h3 Qd7 29. Rgf3 Rc7 30. Rf6 Qd3 31. R1f3 Qb1+ 32. Kh2 Kg8 33. R6f4 Qg6 34. Qh4 Qh7 35. Rg4 Rc5 36. Qf6 Rc4 37. Rfg3 Rxg4 38. Rxg4 Kh8 39. Qe7 Kg8 40. Qxb7 Qf5 41. Qc7 h5 42. Rd4 a5 43. Rd8 Rxd8 44. Qxd8+ Kh7 45. Qxa5 f6 46. Qb4 fxe5 47. Qh4 Kg6 48. Qg3+ Kf6 49. Qh4+ Qg5 50. Qf2+ 1-0


[Site "https://www.chess.com"]

[Event "Titled Tuesday Blitz October 18 Late 2022"]
[White "Ozen, Bahadir"]
[Black "Ozdemir, Serhan Berat"]
[WhiteFideId "6337058"]
[BlackFideId "6374611"]
[WhiteElo "2749"]
[BlackElo "2556"]
[Result "1-0"]
[Round "04"]
[TimeControl "180+1"]
[Date "2022.10.19"]
[WhiteClock "0:00:16"]
[BlackClock "0:00:02"]

1. g3 Nf6 2. Bg2 g6 3. d3 Bg7 4. Nf3 O-O 5. O-O c5 6. c3 d5 7. Bf4 Nc6 8. Ne5 Nd7 9. Nxc6 bxc6 10. Qc1 e5 11. Bh6 Rb8 12. Bxg7 Kxg7 13. Nd2 Qb6 14. Rb1 Nf6 15. b4 Be6 16. Qa3 cxb4 17. Rxb4 Qc5 18. Qb2 Rxb4 19. cxb4 Qb6 20. Qxe5 Qxb4 21. Nb3 Re8 22. Qd4 Qxd4 23. Nxd4 c5 24. Nb3 c4 25. Nd4 Rb8 26. dxc4 dxc4 27. Nxe6+ fxe6 28. Rc1 Rc8 29. e4 e5 30. Kf1 Nd7 31. Bh3 Rc7 32. Bxd7 Rxd7 33. Rxc4 Kf6 34. Ke2 Rb7 35. a4 Rb2+ 36. Kf3 Rb3+ 37. Kg2 Ra3 38. Rc6+ Kg5 39. Ra6 Ra2 40. Rxa7 h5 41. Ra5 Kf6 42. Ra6+ Kg5 43. Re6 Rxa4 44. Rxe5+ Kf6 45. Re8 Ra2 46. e5+ Kf7 47. Rb8 Re2 48. Rb5 Ke6 49. Rb6+ Kf5 50. e6 Rxe6 51. Rxe6 Kxe6 52. Kf3 Kf5 53. h3 g5 54. Ke3 Ke5 55. f3 Kf5 56. Kd4 Kf6 57. Ke4 Kg6 58. Ke5 h4 59. g4 Kh6 1-0


[Site "https://www.chess.com"]

[Event "Titled Tuesday Blitz October 18 Late 2022"]
[White "Ozen, Batuhan"]
[Black "Souza Santos, Carlos Roberto"]
[WhiteFideId "6345123"]
[BlackFideId "2150603"]
[WhiteElo "2406"]
[BlackElo "2064"]
[Result "1-0"]
[Round "04"]
[TimeControl "180+1"]
[Date "2022.10.19"]
[WhiteClock "0:01:52"]
[BlackClock "0:00:04"]

1. d4 Nf6 2. Nc3 d6 3. e4 g6 4. g3 Bg7 5. Bg2 O-O 6. Nge2 Nbd7 7. O-O e5 8. a4 Qe7 9. Re1 c6 10. b3 Ne8 11. d5 f5 12. dxc6 bxc6 13. Ba3 Qf6 14. exf5 Qxf5 15. Bxc6 Qxf2+ 16. Kh1 Nb6 17. Rf1 Qe3 18. Rxf8+ Bxf8 19. Qg1 Qxg1+ 20. Rxg1 Nc7 21. Bxa8 Ncxa8 22. Rd1 Bb7+ 23. Kg1 Bh6 24. a5 Be3+ 25. Kf1 Nd7 26. Nd5 1-0


[Site "https://www.chess.com"]

[Event "Titled Tuesday Blitz October 18 Late 2022"]
[White "Pap, Gyula"]
[Black "Lizak, Peter"]
[WhiteFideId "725323"]
[BlackFideId "731595"]
[WhiteElo "2519"]
[BlackElo "2420"]
[Result "1-0"]
[Round "04"]
[TimeControl "180+1"]
[Date "2022.10.18"]
[WhiteClock "0:00:05"]
[BlackClock "0:00:04"]

1. g3 Nc6 2. Bg2 d5 3. d4 e5 4. dxe5 Be6 5. Nf3 h6 6. h4 Qd7 7. c3 g6 8. Bf4 Nge7 9. Nbd2 Nf5 10. Nb3 a5 11. O-O a4 12. Nbd4 Ncxd4 13. cxd4 Be7 14. Qd2 Qb5 15. a3 Ra6 16. Rfc1 c6 17. Bf1 Qa5 18. Qd1 Rb6 19. Rc2 Rg8 20. Bd2 Qa7 21. e3 g5 22. hxg5 hxg5 23. Bd3 g4 24. Nh2 Rb3 25. Bc3 Kd7 26. Re2 Qb8 27. Qc2 Rg5 28. Nxg4 Nxg3 29. fxg3 Rxg4 30. Rg2 Qg8 31. Qf2 Rg5 32. Rf1 Bxa3 33. Bc2 Rxc3 34. bxc3 Be7 35. Bxa4 b5 36. Bc2 Bh3 37. Qxf7 Qxf7 38. Rxf7 Bxg2 39. Kxg2 Ke6 40. Rh7 c5 41. Rh6+ Kd7 42. Kf3 b4 43. Ba4+ Kd8 44. cxb4 cxb4 45. Bb3 Rg8 46. Bxd5 Rf8+ 47. Ke2 Kd7 48. Rb6 Rh8 49. Rb7+ Ke8 50. Rb8+ Bd8 51. Rxb4 1-0


[Site "https://www.chess.com"]

[Event "Titled Tuesday Blitz October 18 Late 2022"]
[White "Papasimakopoulos, Alexandros"]
[Black "Aggelis, Nikolaos"]
[WhiteFideId "4244125"]
[BlackFideId "4213220"]
[WhiteElo "2357"]
[BlackElo "2187"]
[Result "1-0"]
[Round "04"]
[TimeControl "180+1"]
[Date "2022.10.18"]
[WhiteClock "0:00:09"]
[BlackClock "0:00:16"]

1. d4 c5 2. d5 e6 3. c4 exd5 4. cxd5 d6 5. Nc3 Nf6 6. Nf3 g6 7. Bf4 Bg7 8. Qa4+ Bd7 9. Qb3 Bc8 10. e4 O-O 11. Be2 a6 12. a4 Re8 13. Nd2 Qc7 14. O-O Nbd7 15. Rfe1 Nh5 16. Bxh5 gxh5 17. Nc4 Ne5 18. Nb6 Rb8 19. Be3 f5 20. Nxc8 Qxc8 21. exf5 Qxf5 22. Qb6 Qg6 23. Re2 h4 24. h3 Nc4 25. Qc7 Qf6 26. Rae1 Ne5 27. Ne4 Qg6 28. Bg5 Nf7 29. Bxh4 Be5 30. Nf6+ Bxf6 31. Rxe8+ Rxe8 32. Rxe8+ Kg7 33. Bxf6+ Qxf6 34. Qe7 Qxe7 35. Rxe7 b5 36. axb5 axb5 37. Kf1 Kf6 38. Re6+ Kf5 39. Re7 Kf6 40. Rb7 b4 41. f4 h5 42. g4 hxg4 43. hxg4 Kg6 44. Kf2 Nh6 45. Kg3 Nf7 46. Rd7 Kf6 47. g5+ Kg6 48. Kg4 Kg7 49. Kf5 Kf8 50. Kf6 1-0


[Site "https://www.chess.com"]

[Event "Titled Tuesday Blitz October 18 Late 2022"]
[White "Papayan, Oleg"]
[Black "Zhukov, Maksim"]
[WhiteFideId "4193911"]
[BlackFideId "34181790"]
[WhiteElo "2153"]
[BlackElo "1929"]
[Result "1-0"]
[Round "04"]
[TimeControl "180+1"]
[Date "2022.10.19"]
[WhiteClock "0:01:58"]
[BlackClock "0:01:32"]

1. e4 c5 2. Nf3 e6 3. d4 cxd4 4. Nxd4 Nc6 5. Nb5 Nf6 6. N1c3 a6 7. Nd6+ Bxd6 8. Qxd6 Qe7 9. Qxe7+ Nxe7 10. Bf4 d5 11. f3 dxe4 12. fxe4 Bd7 13. O-O-O Bc6 14. Bd3 O-O-O 15. Rhf1 Ng6 16. Bg5 Rd7 17. Bxf6 gxf6 18. Rxf6 Ne5 19. Be2 Rg8 20. g3 b5 21. a3 Rxd1+ 22. Kxd1 Kd7 23. Kd2 Ke7 24. Rh6 Rg7 25. Ke3 f5 26. exf5 exf5 27. Kd4 Bf3 28. Kxe5 1-0


[Site "https://www.chess.com"]

[Event "Titled Tuesday Blitz October 18 Late 2022"]
[White "Petrova, Irina"]
[Black "Janaszak, Dawid"]
[WhiteFideId "14124122"]
[BlackFideId "1119206"]
[WhiteElo "2023"]
[BlackElo "2226"]
[Result "1-0"]
[Round "04"]
[TimeControl "180+1"]
[Date "2022.10.19"]
[WhiteClock "0:00:54"]
[BlackClock "0:00:38"]

1. e4 c5 2. Nf3 Nc6 3. Bb5 g6 4. Bxc6 bxc6 5. O-O Bg7 6. Re1 Nf6 7. c3 O-O 8. d4 d5 9. e5 Ne4 10. Nbd2 Bf5 11. Nxe4 Bxe4 12. Ng5 cxd4 13. Nxe4 dxe4 14. cxd4 Qd5 15. Be3 f5 16. g3 c5 17. dxc5 Qxe5 18. Rb1 Rfd8 19. Qb3+ Kh8 20. Qc4 a5 21. b3 Rd3 22. a3 Bf6 23. b4 Rxa3 24. b5 Rc3 25. Qa2 a4 26. b6 a3 27. b7 Rb8 28. Bf4 Qxc5 29. Bxb8 Rc2 30. Ba7 Qxa7 31. b8=Q+ Qxb8 32. Rxb8+ Kg7 33. Qxc2 1-0


[Site "https://www.chess.com"]

[Event "Titled Tuesday Blitz October 18 Late 2022"]
[White "Petrovic, Aleksa"]
[Black "Celestino, Rafael Teixeira"]
[WhiteFideId "967629"]
[BlackFideId "2108925"]
[WhiteElo "2242"]
[BlackElo "2350"]
[Result "1-0"]
[Round "04"]
[TimeControl "180+1"]
[Date "2022.10.19"]
[WhiteClock "0:00:06"]
[BlackClock "0:00:02"]

1. e4 e5 2. Nf3 Nc6 3. Bc4 Bc5 4. c3 Nf6 5. d4 exd4 6. cxd4 Bb4+ 7. Nc3 d5 8. exd5 Nxd5 9. O-O Bxc3 10. bxc3 O-O 11. Qd3 Bg4 12. Bb3 Re8 13. Bc2 g6 14. Rb1 Rb8 15. a3 Qd6 16. h3 Bf5 17. Qd2 Bxc2 18. Qxc2 Nf4 19. Rb5 Re2 20. Qd1 Ra2 21. Bxf4 Qxf4 22. Qb3 Re2 23. Rxb7 Rbe8 24. Qb5 Qe4 25. Ne5 Rxe5 26. dxe5 Nxe5 27. Qb4 Qf5 28. Rb8+ Kg7 29. Qf8+ Kf6 30. Qh8+ Kg5 31. f4+ Kh6 32. Qf8+ Kh5 33. Rb5 Nf3+ 34. Rxf3 Qxb5 35. g4+ 1-0


[Site "https://www.chess.com"]

[Event "Titled Tuesday Blitz October 18 Late 2022"]
[White "Poliakova, Varvara"]
[Black "Gonzalez, Francisco Silva"]
[WhiteFideId "13518313"]
[BlackFideId "1512285"]
[WhiteElo "1938"]
[BlackElo "2159"]
[Result "1-0"]
[Round "04"]
[TimeControl "180+1"]
[Date "2022.10.19"]
[WhiteClock "0:01:11"]
[BlackClock "0:00:48"]

1. f4 d5 2. Nf3 c6 3. g3 Bg4 4. Bg2 Nd7 5. O-O Bxf3 6. Bxf3 e5 7. fxe5 Nxe5 8. Bg2 Nf6 9. d4 Qb6 10. a4 a6 11. a5 Qa7 12. Bg5 Nfd7 13. Kh1 h6 14. Bf4 Ng6 15. e4 Nxf4 16. Rxf4 Bd6 17. e5 Be7 18. Qh5 O-O 19. Nc3 Bg5 20. Raf1 Bxf4 21. Rxf4 f5 22. Bh3 Nxe5 23. dxe5 Qe3 24. Bxf5 Rae8 25. Qg6 Rxf5 26. Qxe8+ Kh7 27. Rxf5 Qc1+ 28. Kg2 Qxc2+ 29. Rf2 Qd3 30. Qf7 Kh8 31. Qf8+ Kh7 32. Qf5+ Qxf5 33. Rxf5 Kg6 34. Rf8 d4 35. Ne4 Kh5 36. Kf2 Kg4 37. Ke2 c5 38. Nxc5 Kh3 39. Rf2 d3+ 40. Kxd3 b6 41. axb6 g6 42. b7 h5 43. Nxa6 h4 44. gxh4 Kg4 45. b4 g5 46. hxg5 Kh4 47. g6 Kh5 48. g7 Kh6 49. Rg2 Kh5 50. e6 1-0


[Site "https://www.chess.com"]

[Event "Titled Tuesday Blitz October 18 Late 2022"]
[White "Priasmoro, Novendra"]
[Black "Kamsky, Gata"]
[WhiteFideId "7105029"]
[BlackFideId "2000024"]
[WhiteElo "2412"]
[BlackElo "2666"]
[Result "1/2-1/2"]
[Round "04"]
[TimeControl "180+1"]
[Date "2022.10.18"]
[WhiteClock "0:00:04"]
[BlackClock "0:00:08"]

1. e4 c5 2. Nf3 e6 3. d4 cxd4 4. Nxd4 a6 5. Bd3 Bc5 6. Nb3 Ba7 7. Qe2 d6 8. Be3 e5 9. Nc3 Nf6 10. O-O-O Bxe3+ 11. Qxe3 Be6 12. Be2 Nc6 13. f4 O-O 14. f5 Bxb3 15. axb3 Nd4 16. Kb1 Rc8 17. Rxd4 exd4 18. Qxd4 Qe7 19. Rd1 Rfd8 20. g4 Qe5 21. g5 Qxd4 22. Rxd4 Ne8 23. Nd5 Kf8 24. b4 b5 25. c4 bxc4 26. Bxc4 Rc6 27. b3 Rb8 28. Kb2 Rb7 29. Ka3 Nc7 30. Nxc7 Rbxc7 31. Ka4 Ke7 32. Ka5 Ra7 33. h4 f6 34. Rd1 g6 35. fxg6 hxg6 36. Rf1 d5 37. Bxd5 Rd6 38. gxf6+ Rxf6 39. Rxf6 Kxf6 40. Kb6 Rh7 41. Kxa6 Rxh4 42. b5 Ke5 43. b6 g5 44. b7 Rh8 45. Ka7 g4 46. Bc4 g3 47. Bf1 Kxe4 48. b8=Q Rxb8 49. Kxb8 Kd4 50. b4 g2 51. Bxg2 Kc4 52. b5 Kxb5 1/2-1/2


[Site "https://www.chess.com"]

[Event "Titled Tuesday Blitz October 18 Late 2022"]
[White "Rasulov, Vugar"]
[Black "Sargsyan, Anna M."]
[WhiteFideId "13402390"]
[BlackFideId "13308130"]
[WhiteElo "2509"]
[BlackElo "2284"]
[Result "0-1"]
[Round "04"]
[TimeControl "180+1"]
[Date "2022.10.18"]
[WhiteClock "0:00:05"]
[BlackClock "0:00:09"]

1. Nf3 d5 2. e3 Nf6 3. c4 c6 4. Nc3 e6 5. d4 Nbd7 6. Bd3 dxc4 7. Bxc4 b5 8. Bd3 Bd6 9. e4 e5 10. O-O O-O 11. h3 Re8 12. Re1 a6 13. a4 b4 14. Ne2 Bb7 15. Qc2 exd4 16. Nexd4 Ne5 17. Nxe5 Bxe5 18. Nf3 h6 19. Nxe5 Rxe5 20. Bf4 Re8 21. Rad1 Qa5 22. Bc4 Qh5 23. f3 a5 24. Kh2 Rad8 25. b3 Bc8 26. Bc7 Rxd1 27. Qxd1 Be6 28. Qd3 Qc5 29. Bxe6 Rxe6 30. Re2 Qg5 31. Qd2 Qc5 32. Qd3 Qg5 33. f4 Qc5 34. f5 Re8 35. Bd6 Qb6 36. e5 Nd5 37. e6 f6 38. Qg3 Qd4 39. Rf2 Nc3 40. Bf4 Ne4 41. Qe3 Qxe3 42. Bxe3 Nxf2 43. Bxf2 g6 44. g4 gxf5 45. gxf5 Rd8 46. Bb6 Rd5 47. Kg3 Rxf5 48. Kg4 Re5 49. Kf4 Rxe6 50. Bxa5 c5 51. Bc7 Rc6 52. Ba5 c4 53. Bxb4 cxb3 54. Ba3 Rc4+ 55. Ke3 Rxa4 56. Bb2 Ra2 57. Bxf6 b2 0-1


[Site "https://www.chess.com"]

[Event "Titled Tuesday Blitz October 18 Late 2022"]
[White "Rego, Pedro Filipe"]
[Black "Pavlidou, Ekaterini"]
[WhiteFideId "1904310"]
[BlackFideId "4213262"]
[WhiteElo "2200"]
[BlackElo "2125"]
[Result "1-0"]
[Round "04"]
[TimeControl "180+1"]
[Date "2022.10.19"]
[WhiteClock "0:00:32"]
[BlackClock "0:01:04"]

1. c4 c5 2. Nc3 Nc6 3. g3 g6 4. Bg2 Bg7 5. Nf3 e5 6. O-O d6 7. Ne1 h5 8. h3 h4 9. g4 g5 10. Nc2 f5 11. gxf5 Bxf5 12. Ne3 Be6 13. Ncd5 Nge7 14. Rb1 Qd7 15. Kh2 e4 16. Bxe4 Be5+ 17. Kh1 Bxh3 18. Nxe7 Nxe7 19. b4 Bxf1 20. Qxf1 cxb4 21. Rxb4 d5 22. Nxd5 Nc6 23. Bb2 O-O-O 24. Bxe5 Nxb4 25. Bf5 Qxf5 26. Ne7+ Kd7 27. Nxf5 Ke6 28. Bxh8 Rxh8 29. Qh3 1-0


[Site "https://www.chess.com"]

[Event "Titled Tuesday Blitz October 18 Late 2022"]
[White "Remolar Gallen, Jose"]
[Black "Araujo, Everson De Moura"]
[WhiteFideId "2215187"]
[BlackFideId "22737197"]
[WhiteElo "2214"]
[BlackElo "1995"]
[Result "1-0"]
[Round "04"]
[TimeControl "180+1"]
[Date "2022.10.19"]
[WhiteClock "0:00:30"]
[BlackClock "0:00:49"]

1. d4 d5 2. c4 c6 3. Nc3 Nf6 4. Nf3 a6 5. Bg5 Nbd7 6. cxd5 cxd5 7. e3 g6 8. Be2 Bg7 9. O-O O-O 10. Ne5 Qb6 11. Nxd7 Bxd7 12. Bxf6 exf6 13. Nxd5 Qxb2 14. Bf3 Rab8 15. Qc1 Qxc1 16. Rfxc1 Rfe8 17. Rc7 Bc6 18. Ne7+ Kf8 19. Nxc6 bxc6 20. Rxc6 Rb2 21. Rxa6 Rc8 22. g3 Rcc2 23. Rf1 Rxa2 24. Rxa2 Rxa2 25. Kg2 f5 26. Re1 Ke7 27. Re2 Ra1 28. Rb2 Ra7 29. Rb7+ Rxb7 30. Bxb7 f6 31. Kf3 g5 32. Bc8 Bf8 33. Bxf5 h6 34. Kg4 Kf7 35. Kh5 Kg7 36. h4 Bb4 37. f4 gxh4 38. Kxh4 Bd2 39. e4 Be1 40. d5 Kf7 41. d6 Bf2 42. Kg4 Ke8 43. Be6 Bd4 44. Kf5 Bf2 45. g4 Bh4 46. Kg6 Bg3 47. Kf5 Bh4 48. e5 fxe5 49. fxe5 Bg5 50. Bc8 Kd8 51. Be6 Bh4 52. Bf7 Bg5 53. e6 Bh4 54. Kg6 Bg5 55. Kh5 Bf4 56. e7+ 1-0


[Site "https://www.chess.com"]

[Event "Titled Tuesday Blitz October 18 Late 2022"]
[White "Rodriguez Santiago, Jaime"]
[Black "Malka, Samuel"]
[WhiteFideId "3100898"]
[BlackFideId "20643675"]
[WhiteElo "2025"]
[BlackElo "2469"]
[Result "1-0"]
[Round "04"]
[TimeControl "180+1"]
[Date "2022.10.19"]
[WhiteClock "0:00:20"]
[BlackClock "0:00:01"]

1. c4 g6 2. Nc3 Bg7 3. g3 c5 4. Bg2 Nc6 5. e4 d6 6. Nge2 Rb8 7. a4 Nf6 8. d3 Nd7 9. Be3 Nd4 10. Rb1 h5 11. h3 h4 12. g4 Nxe2 13. Nxe2 Ne5 14. f4 Qa5+ 15. b4 cxb4 16. fxe5 Bxe5 17. O-O f6 18. d4 Bg3 19. Nxg3 hxg3 20. Qe1 Qxa4 21. Rxb4 Qa3 22. Rf3 Bd7 23. Rb1 Qa2 24. Rc1 Rc8 25. c5 dxc5 26. dxc5 Bc6 27. Rxg3 e5 28. Bf1 Bxe4 29. Bc4 Rxh3 30. Bxa2 Rh1+ 31. Kf2 Rh2+ 32. Kf1 Rh1+ 33. Ke2 Rh2+ 34. Bf2 Rd8 35. Rd1 Rxd1 36. Qxd1 Bc6 37. Qd6 Bb5+ 38. Ke3 Bc6 39. Qe6+ Kd8 40. Qxf6+ Kc7 41. Qxe5+ Kc8 42. Qe6+ Kc7 43. Rf3 Bxf3 44. Kxf3 Rh1 45. Bg3+ Kd8 46. Qf6+ Kd7 47. Be6+ Kc6 48. Bc8+ Kxc5 49. Qe5+ Kc4 50. Be6+ Kd3 51. Qe4+ Kc3 52. Be5+ Kd2 53. Qe2+ Kc1 54. Bf4+ Kb1 55. Ba2+ Ka1 56. Be5# 1-0


[Site "https://www.chess.com"]

[Event "Titled Tuesday Blitz October 18 Late 2022"]
[White "Romero Ruscalleda, Josep"]
[Black "Banzea, Alexandru-Bogdan"]
[WhiteFideId "2231859"]
[BlackFideId "1232622"]
[WhiteElo "2306"]
[BlackElo "2294"]
[Result "1-0"]
[Round "04"]
[TimeControl "180+1"]
[Date "2022.10.19"]
[WhiteClock "0:00:19"]
[BlackClock "0:00:01"]

1. e4 c6 2. Nc3 d5 3. Nf3 dxe4 4. Nxe4 Nf6 5. Qe2 Nxe4 6. Qxe4 Qa5 7. Bc4 Bf5 8. Qf4 e6 9. Nd4 Bg6 10. O-O Nd7 11. Bxe6 fxe6 12. Nxe6 Qe5 13. Qxe5 Nxe5 14. Re1 Bd6 15. d4 Kd7 16. dxe5 Kxe6 17. exd6+ Kxd6 18. Bf4+ Kc5 19. Re5+ Kb6 20. Be3+ Ka6 21. Re7 Rhg8 22. c3 Rae8 23. Rd7 Bf5 24. Rd4 Re4 25. Rad1 Rxd4 26. Rxd4 b6 27. f3 Re8 28. Kf2 Re7 29. Rd8 Rd7 30. Rf8 g6 31. g4 Be6 32. h4 c5 33. a3 Kb5 34. Rf6 Bd5 35. Bf4 Kc4 36. h5 Kd3 37. hxg6 hxg6 38. Rxg6 Rf7 39. Kg3 Kc2 40. Rd6 Bb7 41. Rd2+ Kb3 42. g5 Kc4 43. Kg4 b5 44. g6 Bc8+ 45. Kg3 Rg7 46. Rd6 1-0


[Site "https://www.chess.com"]

[Event "Titled Tuesday Blitz October 18 Late 2022"]
[White "Rose, Felix"]
[Black "Marcolino, Daniel Mattos"]
[WhiteFideId "5105722"]
[BlackFideId "2106841"]
[WhiteElo "2039"]
[BlackElo "2048"]
[Result "1-0"]
[Round "04"]
[TimeControl "180+1"]
[Date "2022.10.19"]
[WhiteClock "0:00:15"]
[BlackClock "0:00:40"]

1. e4 c6 2. d4 d5 3. e5 c5 4. dxc5 e6 5. a3 Bxc5 6. Nf3 Nd7 7. b4 Be7 8. Bb2 a5 9. b5 Nh6 10. Nbd2 O-O 11. Bd3 f6 12. O-O Nf7 13. exf6 Bxf6 14. Bxf6 Qxf6 15. c4 Nc5 16. Qc2 Nxd3 17. Qxd3 Rd8 18. Rfe1 e5 19. cxd5 Be6 20. Ne4 Qg6 21. Qc3 Rxd5 22. a4 b6 23. Qe3 Bf5 24. Ng3 Bg4 25. h3 Bxf3 26. Qxf3 Rc5 27. Qxa8+ 1-0


[Site "https://www.chess.com"]

[Event "Titled Tuesday Blitz October 18 Late 2022"]
[White "Rosenberg, Evan S"]
[Black "Pasti, Aron"]
[WhiteFideId "2019299"]
[BlackFideId "785857"]
[WhiteElo "2365"]
[BlackElo "2250"]
[Result "0-1"]
[Round "04"]
[TimeControl "180+1"]
[Date "2022.10.19"]
[WhiteClock "0:00:02"]
[BlackClock "0:00:17"]

1. d4 Nf6 2. Nf3 d5 3. c3 c5 4. dxc5 a5 5. b4 axb4 6. cxb4 Nc6 7. b5 Qa5+ 8. Bd2 Qxb5 9. e4 Qxc5 10. exd5 Nxd5 11. Be2 e6 12. O-O Bd6 13. a4 O-O 14. Na3 Nd4 15. Nxd4 Qxd4 16. Nb5 Qe5 17. Nxd6 Qxd6 18. Bf3 Bd7 19. a5 Bc6 20. Re1 Rfd8 21. Qb3 g6 22. Bg5 Rd7 23. h4 h5 24. Qb2 Qb4 25. Qe5 Qc3 26. Qe2 Rxa5 27. Rxa5 Qxa5 28. Bd2 Qa2 29. Rd1 Ba4 30. Rc1 Bc6 31. Qe1 Ne7 32. Bh6 Nf5 33. Bg5 Bxf3 34. gxf3 Qd5 35. Rc8+ Kh7 36. Kg2 Nd4 37. Qa1 Qxf3+ 0-1


[Site "https://www.chess.com"]

[Event "Titled Tuesday Blitz October 18 Late 2022"]
[White "Rustemov, Alexander"]
[Black "Castellanos Gomez, Alejandro"]
[WhiteFideId "4119002"]
[BlackFideId "22284141"]
[WhiteElo "2753"]
[BlackElo "2562"]
[Result "1-0"]
[Round "04"]
[TimeControl "180+1"]
[Date "2022.10.19"]
[WhiteClock "0:01:30"]
[BlackClock "0:00:02"]

1. d4 e6 2. c4 Nf6 3. Nf3 d5 4. Nc3 Be7 5. Bg5 O-O 6. e3 h6 7. Bxf6 Bxf6 8. Rc1 a6 9. Qc2 dxc4 10. Bxc4 b5 11. Bd3 Bb7 12. Bh7+ Kh8 13. Be4 Nc6 14. O-O Qd6 15. Rfd1 Nb4 16. Qb1 Nd5 17. Bxd5 exd5 18. Ne2 Rfe8 19. Qc2 Re7 20. Qc5 Rd8 21. Qxd6 Rxd6 22. Nf4 g6 23. Nd3 Bc8 24. Rc3 Bg4 25. Rdc1 Bxf3 26. gxf3 Rdd7 27. Rc6 Re6 28. Rxe6 fxe6 29. Rc6 Rd6 30. Rxc7 Rb6 31. f4 Kg8 32. Kg2 Kf8 33. Kg3 Ke8 34. b4 Be7 35. Ra7 Rc6 36. Nc5 1-0


[Site "https://www.chess.com"]

[Event "Titled Tuesday Blitz October 18 Late 2022"]
[White "Sanchez, Robert"]
[Black "Thiel, Thomas"]
[WhiteFideId "2034360"]
[BlackFideId "4615964"]
[WhiteElo "2371"]
[BlackElo "2254"]
[Result "1-0"]
[Round "04"]
[TimeControl "180+1"]
[Date "2022.10.19"]
[WhiteClock "0:00:48"]
[BlackClock "0:00:37"]

1. Nf3 Nf6 2. e3 g6 3. c4 Bg7 4. Nc3 c6 5. d4 d5 6. cxd5 cxd5 7. Qb3 O-O 8. Be2 Nc6 9. O-O Rb8 10. Rd1 Bf5 11. Ne5 e6 12. Nxc6 bxc6 13. Qa4 Qb6 14. Qa3 Rfc8 15. Na4 Qb4 16. Qxb4 Rxb4 17. Nc5 Bf8 18. b3 Ne4 19. Nxe4 Bxe4 20. Ba3 Rb6 21. Bxf8 Kxf8 22. f3 Bf5 23. g4 Bc2 24. Rd2 Bxb3 25. axb3 Rxb3 26. Rxa7 Rxe3 27. Kf2 Rc3 28. Rb2 Kg7 29. g5 c5 30. Rbb7 Rf8 31. dxc5 Rxc5 32. Re7 Kg8 33. h4 Rc3 34. f4 Rh3 35. Bf3 Rh2+ 36. Kg3 Rb2 37. Bg4 Rb3+ 38. Kg2 Rb2+ 39. Kg1 Rb4 40. Bxe6 Rxf4 41. Bxd5 Rxh4 42. Rxf7 Rxf7 43. Rxf7 Kh8 44. Rf8+ 1-0


[Site "https://www.chess.com"]

[Event "Titled Tuesday Blitz October 18 Late 2022"]
[White "Saravana, Krishnan P."]
[Black "Garrido, Denis"]
[WhiteFideId "5018382"]
[BlackFideId "601217"]
[WhiteElo "2155"]
[BlackElo "2217"]
[Result "1-0"]
[Round "04"]
[TimeControl "180+1"]
[Date "2022.10.19"]
[WhiteClock "0:01:06"]
[BlackClock "0:00:20"]

1. e4 c6 2. Nf3 d5 3. Nc3 Nf6 4. e5 Ne4 5. Ne2 Bf5 6. d3 Nc5 7. Ng3 e6 8. d4 Ne4 9. Nxf5 exf5 10. Bd3 Na6 11. Bxa6 Qa5+ 12. Bd2 Qxa6 13. Qe2 Qb6 14. Rb1 Bb4 15. Qd3 O-O 16. O-O f6 17. Bxb4 Qxb4 18. exf6 Rxf6 19. Ne5 Re8 20. c3 Qd6 21. Rbe1 f4 22. Re2 1-0


[Site "https://www.chess.com"]

[Event "Titled Tuesday Blitz October 18 Late 2022"]
[White "Sernecki, Franciszek"]
[Black "Prydun, Andriy"]
[WhiteFideId "1169297"]
[BlackFideId "14145898"]
[WhiteElo "2209"]
[BlackElo "2163"]
[Result "0-1"]
[Round "04"]
[TimeControl "180+1"]
[Date "2022.10.19"]
[WhiteClock "0:00:38"]
[BlackClock "0:00:39"]

1. c4 Nf6 2. Nc3 c5 3. e4 d6 4. g3 e5 5. Bg2 Be7 6. Nge2 O-O 7. d3 a6 8. O-O b5 9. cxb5 axb5 10. Nxb5 Nc6 11. Nbc3 Be6 12. Be3 Nd4 13. h3 Qb6 14. b3 Ra3 15. Bxd4 cxd4 16. Nb1 Ra7 17. Nd2 Rfa8 18. Qc2 Qb4 19. Nc4 Nd7 20. a3 Qb8 21. a4 Nc5 22. Rfb1 Rb7 23. b4 Rxb4 24. Rxb4 Qxb4 25. Nb2 Bb3 26. Qc1 Bd8 27. Qe1 Ba5 28. Qxb4 Bxb4 29. Bf1 Bc3 30. Nxc3 dxc3 31. Nc4 Rxa4 32. Rc1 Bxc4 33. dxc4 Ra3 34. f3 Ne6 35. f4 exf4 36. gxf4 Nxf4 37. Kf2 g5 38. Ke3 Kg7 39. h4 h6 40. hxg5 hxg5 41. Kd4 Kf6 42. Rxc3 Rxc3 43. Kxc3 Ke5 44. c5 dxc5 45. Kc4 Kxe4 46. Kxc5 g4 47. Kc4 g3 48. Kc3 g2 49. Bxg2+ Nxg2 50. Kd2 Kf3 51. Kd3 f5 52. Kd4 f4 53. Ke5 Kg3 0-1


[Site "https://www.chess.com"]